cohdb
Replays
Latest Replays
All Replays
Popular Replays
Top Player Replays
Match Explorer
How It Works
Community
CoH3 Stats
Reddit
Sign in to upload your games and track your stats! →
Sign in with Steam
Match 46739536
Unlisted
Match 46739536
Overview
Messages
Build Orders
End
Vickers Machine Gun Team
Construct Section Command Post
Selects Air and Sea Battlegroup
Infantry Section
Infantry Section
ML 3-inch Mortar Team
Selects Supply Surplus
Construct Platoon Command Post
Construct Field Infirmary
Construct Resource Cache
Construct Resource Cache
Selects Commando Section Paradrop
Selects Commando Support Section Paradrop
Commando Support Section Paradrop
Construct Company Command Post
Construct Field Infirmary
Selects Incendiary Bombing Run
Incendiary Bombing Run
Crusader II Medium Tank
Incendiary Bombing Run
Selects UNKNOWN (223837)
Construct Field Infirmary
Crusader II Medium Tank
Incendiary Bombing Run
Crusader II Medium Tank
Crusader II Medium Tank
Crusader II Medium Tank
Selects Assault Flares
Assault Flares
Keonis
Kuma
Ollie
很好很好很好啊
mi prima de Cifuentes
Rodrik
Miffy
Nakovalny
0
0
Comments
sign in to comment!
No comments posted yet!